 Dungeon Crawl Stone Soup version 0.29-a0-878-g7b45a56547 (webtiles) character file.

Game seed: 13917264591067120134

556 xian the Shooter (level 7, -1/49 HPs)
             Began as a Demonspawn Arcane Marksman on July 20, 2022.
             Was an Initiate of Gozag.
             Slain by a water moccasin (6 damage)
             ... on level 7 of the Dungeon.
             The game lasted 00:11:32 (3105 turns).

xian the Shooter (Demonspawn Arcane Marksman)       Turns: 3105, Time: 00:11:33

Health: -1/49      AC:  8    Str: 18    XL:     7   Next: 8%
Magic:  10/10      EV: 12    Int: 14    God:    Gozag
Gold:   117        SH:  4    Dex: 17    Spells: 6/10 levels left

rFire   x . .      SeeInvis +   w - +5 long sword of Enitsogi {pain, Fly rF- Dex+4 SInv}
rCold   . . .      Faith    .   (no shield)
rNeg    . . .      Spirit   .   x - +0 leather armour
rPois   .          Reflect  .   t - +2 helmet of the Imbibing Gods {rF+ Stlth+}
rElec   .          Harm     .   r - +0 cloak
rCorr   .          Rampage  .   (no gloves)
Will    .....                   n - +0 pair of boots
Stlth   +++.......              l - amulet "Dicop" {rF- Regen+ Str+5}
HPRegen 0.96/turn               d - ring of flight
MPRegen 0.12/turn               (no ring)

@: mighty, about to teleport, flying
A: large bone plates 1, powered by pain 1, spiny 1, weakness stinger 1
a: Renounce Religion, Potion Petition, Call Merchant, Bribe Branch


You were on level 7 of the Dungeon.
You worshipped Gozag.
Gozag was aware of your devotion.
You visited 1 branch of the dungeon, and saw 5 of its levels.

You collected 205 gold pieces.
You spent 19 gold pieces at shops.
You paid 69 gold pieces to Gozag.

Inventory:

Hand Weapons
 a - a +0 sling
 c - the +5 flail of Karma {venom, Stlth+}
   (You found it on level 6 of the Dungeon)

   It poisons the flesh of those it strikes.
   Stlth:     It makes you more stealthy.
 w - the +5 long sword of Enitsogi (weapon) {pain, Fly rF- Dex+4 SInv}
   (You found it on level 2 of the Dungeon)

   In the hands of one skilled in necromantic magic, it inflicts extra damage on
   living creatures.
   Dex:       It affects your dexterity (+4).
   rF:        It makes you vulnerable to fire.
   SInv:      It lets you see invisible.
   Fly:       It grants you flight.
Armour
 h - a +0 plate armour
 n - a +0 pair of boots (worn)
 r - a +0 cloak (worn)
 t - the +2 helmet of the Imbibing Gods (worn) {rF+ Stlth+}
   (You acquired it on level 2 of the Dungeon)

   rF:        It protects you from fire.
   Stlth:     It makes you more stealthy.
 x - a +0 leather armour (worn)
Jewellery
 d - a ring of flight (left hand)
 l - the amulet "Dicop" (around neck) {rF- Regen+ Str+5}
   (You acquired it on level 1 of the Dungeon)

   [amulet of regeneration]

   Str:       It affects your strength (+5).
   rF:        It makes you vulnerable to fire.
   Regen:     It increases your rate of health regeneration.
Wands
 s - a wand of paralysis (2)
 y - a wand of polymorph (7)
Scrolls
 b - a scroll of vulnerability
 f - 2 scrolls of enchant armour
 j - a scroll of teleportation
 k - a scroll of poison {unknown}
 m - a scroll of fog {unknown}
 p - a scroll of fear {unknown}
Potions
 e - a potion of lignification {unknown}
 g - a potion of flight {unknown}
 i - a potion of curing {unknown}
 o - a potion of brilliance {unknown}
 q - 2 potions of resistance
 u - a potion of magic {unknown}
 v - 2 potions of ambrosia {unknown}
 z - a potion of mutation {unknown}


   Skills:
 + Level 1.7 Fighting
 - Level 0.5(2.0) Short Blades
 * Level 3.1 Long Blades
 - Level 4.0 Ranged Weapons
 * Level 1.8 Armour
 + Level 2.1 Dodging
 + Level 1.1 Stealth
 + Level 0.4 Shields
 * Level 2.2 Spellcasting
 + Level 3.8 Hexes


You had 6 spell levels left.
You knew the following spells:

 Your Spells              Type           Power      Damage    Failure   Level
a - Slow                  Hex            48%        N/A       5%          1
b - Confusing Touch       Hex            12%        N/A       17%         3

Your spell library contained the following spells:

 Spells                   Type           Power      Damage    Failure   Level
 Inner Flame              Hex/Fire       7%         N/A       36%         3
 Portal Projectile        Hex/Tloc       14%        N/A       36%         3
 Cause Fear               Hex            6%         N/A       50%         4
 Yara's Violent Unravell  Hex/Tmut       3%         3d4       98%         5
 Enfeeble                 Hex            6%         N/A       100%        7


Dungeon Overview and Level Annotations

Branches:
Dungeon (7/15)
 Temple: D:4-7

Altars:
Gozag
Hepliaklqana

Shops:
D:1 *


Innate Abilities, Weirdness & Mutations

You are partially covered in large bone plates. (SH +4)
You sometimes gain a little power by taking damage.
You are partially covered in sharp spines.
You have a small tail.


Message History

You slash the orc priest!
The orc priest is heavily wounded.
The orc priest misses you.
The orc warrior unwields a +0 battleaxe.
The orc warrior wields a +0 arbalest.
The orc warrior shoots a bolt.
The bolt closely misses you.
You hit the orc priest.
Your tail-slap misses the orc priest.
The orc priest is almost dead.
You slash the orc priest!
You kill the orc priest!
Your Long Blades skill increases to level 3!
The orc attacks as you move away! You block the orc's attack.
The orc is distracted by your dazzling golden aura.
The orc warrior shoots a bolt.
The bolt closely misses you.
The orc warrior shoots a bolt.
The bolt hits you!
You focus on the pain.
You feel very mighty all of a sudden.
The orc is no longer distracted by gold.
The orc warrior shoots a bolt.
The bolt hits you!
The orc warrior shoots a bolt.
The bolt barely misses you.
The water moccasin attacks as you move away!
The water moccasin bites you.
The orc warrior shoots a bolt.
The bolt hits you!
The water moccasin is struck by your spines.
The water moccasin bites you.
* * * LOW HITPOINT WARNING * * *
The water moccasin bites you!
* * * LOW HITPOINT WARNING * * *
There is an open door here.
Things that are here:
a +0 whip; a +0 leather armour
As you read the scroll of teleportation, it crumbles to dust.
You feel strangely unstable.
The water moccasin is struck by your spines.
The water moccasin bites you but does no damage.
The water moccasin bites you.
* * * LOW HITPOINT WARNING * * *
The water moccasin attacks as you move away!
The water moccasin bites you.
You die...
Your body crumbles into a pile of gold.

.# ##..$.# #....
#.....# ########....
#.....# +...<^......
#.....# #.....##...#
##....#
#>....##...######oo..#
#......+........#o...#
#.##..##.......)#S...#
####..##........@o...#
#.)..+...##..##....#
#...#######..##+####
#...##...##..##....
#.........#........
#.........'....<...
###################


You could see an orc warrior, a water moccasin and 3 orcs.

Vanquished Creatures
  A black bear (D:6)
  A phantom (D:6)
  A bullfrog (D:6)
  A hound (D:6)
  A jelly (D:6)
  2 orc priests (D:7)
  An orc wizard (D:7)
  2 iguanas (D:6)
  7 adders
  A worm (D:2)
  A dart slug (D:1)
  8 orcs
  A bat (D:2)
  5 endoplasms
  2 giant cockroaches (D:1)
  8 goblins
  5 hobgoblins
  3 jackals (D:2)
  2 quokkas
  2 ball pythons (D:2)
  4 frilled lizards
  5 kobolds
  3 rats (D:1)
67 creatures vanquished.

Notes
Turn   | Place    | Note
-------+----------+-------------------------------------------
     0 | D:1      | xian the Demonspawn Arcane Marksman began the quest for the
                  | Orb.
     0 | D:1      | Reached XP level 1. HP: 15/15 MP: 2/2
   333 | D:1      | Gained mutation: You are partially covered in large bone
                  | plates. (SH +4) [demonic ancestry]
   333 | D:1      | Reached XP level 2. HP: 21/21 MP: 3/3
   396 | D:1      | Reached skill level 2 in Ranged Weapons
   614 | D:1      | Found Wukhliu's Assorted Antiques.
   620 | D:1      | Bought a fuming coppery potion for 19 gold pieces
   667 | D:1      | Identified a scroll of acquirement
   668 | D:1      | Acquired the amulet "Dicop" {rF- Regen+ Str+5}
  1078 | D:2      | Gained mutation: You are partially covered in sharp spines.
                  | [demonic ancestry]
  1078 | D:2      | Reached XP level 3. HP: 26/26 MP: 4/4
  1372 | D:2      | Reached skill level 3 in Ranged Weapons
  1558 | D:2      | Reached XP level 4. HP: 32/32 MP: 5/5
  1792 | D:2      | Acquired the +2 helmet of the Imbibing Gods {rF+ Stlth+}
  1918 | D:2      | Identified the +5 long sword of Enitsogi {pain, Fly rF-
                  | Dex+4 SInv}
  1944 | D:2      | Learned a level 3 spell: Confusing Touch
  2353 | D:3      | You are sucked into a shaft and drop 3 floors!
  2362 | D:6      | Noticed a bullfrog
  2374 | D:6      | Killed a bullfrog
  2375 | D:6      | Reached skill level 4 in Ranged Weapons
  2375 | D:6      | Reached XP level 5. HP: 37/37 MP: 3/6
  2414 | D:6      | Noticed a black bear
  2423 | D:6      | Killed a black bear
  2424 | D:6      | Reached skill level 1 in Long Blades
  2424 | D:6      | Reached skill level 1 in Armour
  2424 | D:6      | Reached skill level 1 in Stealth
  2478 | D:6      | Gained mutation: You sometimes gain a little power by
                  | taking damage. [demonic ancestry]
  2478 | D:6      | Reached XP level 6. HP: 38/43 MP: 8/8
  2575 | D:6      | Identified the +5 flail of Karma {venom, Stlth+}
  2940 | D:6      | Found an opulent altar of Gozag.
  2940 | D:6      | Found a hazy altar of Hepliaklqana.
  2953 | D:6      | Became a worshipper of Gozag Ym Sagoz the Greedy
  3062 | D:7      | Gained mutation: You have a small tail. [demonic ancestry]
  3062 | D:7      | Reached XP level 7. HP: 40/49 MP: 10/10
  3105 | D:7      | Slain by a water moccasin

Illustrated notes

Levels and vault maps discovered:
D:1:      dpeg_arrival_round_b, layout_basic, serial_shops, shop,
          hex_intersection
D:2:      layout_basic
D:3:      minmay_evil_eye, layout_basic, minmay_misc_feat_iff, st_stairs_9,
          uniq_jessica
D:6:      layout_basic, gammafunk_temple_overflow_pools
D:7:      layout_gridville, mainiacjoe_overflow_tiny_flanked,
          minmay_temple_entry_overgrown

Skill      XL: |  1  2  3  4  5  6  7 |
---------------+----------------------+-----
Ranged Weapons | 2 3 4 |  4.0
Long Blades    | 1 2 3 |  3.1
Armour         | 1 |  1.8
Stealth        | 1 |  1.1
Dodging        | 2 |  2.1
Spellcasting   | 2 |  2.2
Fighting       | |  1.7
Short Blades   | |  0.5
Shields        | |  0.4
Hexes          | |  3.8

Action                   |  1- 3 |  4- 6 |  7- 9 || total
-------------------------+-------+-------+-------++-------
Melee: Short sword       |    14 |       |       ||    14
       Long sword        |       |    60 |     5 ||    65
 Fire: Sling             |   125 |     7 |       ||   132
 Cast: Slow              |       |    11 |     1 ||    12
  Use: Scroll            |     4 |     1 |     2 ||     7
 Stab: Sleeping          |       |     3 |       ||     3
Armor: Plate armour      |   114 |     4 |       ||   118
       Robe              |       |     7 |       ||     7
       Leather armour    |       |    15 |     1 ||    16
Dodge: Dodged            |    19 |    36 |     4 ||    59
Block: Other             |    20 |    17 |     2 ||    39

Table legend: (Time is in decaauts)
 A = Elapsed time spent in this place.
 B = Non-inter-level travel time spent in this place.
 C = Inter-level travel time spent in this place.
 D = Time resting spent in this place.
 E = Time spent auto-exploring this place.
 F = Levels seen in this place.
 G = Mean time per level.
                   A        B        C        D        E       F      G
               +--------+--------+--------+--------+--------+-----+--------+
         Total |   3261 |   3117 |    144 |      0 |   2143 |   5 |  652.2 |
       Dungeon |   3261 |   3117 |    144 |      0 |   2143 |   5 |  652.2 |
               +--------+--------+--------+--------+--------+-----+--------+

Top non-repeatable levels by time:
     D:2: 1389 daAuts
     D:1: 939 daAuts
     D:6: 685 daAuts
     D:3: 165 daAuts
     D:7: 81 daAuts
